 Dungeon Crawl Stone Soup version 0.29.0-4-gdea44cf6ec (webtiles) character file.

Game seed: 16649310501524928388

68608 qw the Brawler (level 14, 0/131 HPs)
             Began as a Troll Cinder Acolyte on Sept 1, 2022.
             Was a High Priest of Okawaru.
             Slain by a bone dragon (6 damage)
             ... on level 2 of the Abyss.
             The game lasted 00:12:41 (22487 turns).

qw the Brawler (Troll Cinder Acolyte)              Turns: 22487, Time: 00:12:41

Health: 0/131      AC: 23    Str: 29      XL:     14   Next: 87%
Magic:  20/20      EV:  7    Int:  9 (10) God:    Okawaru [*****.]
Gold:   899        SH: 18    Dex:  5      Spells: 15/15 levels left

rFire   . . .      SeeInvis .     - Unarmed
rCold   + . .      Faith    .   d - +0 tower shield
rNeg    . . .      Spirit   .   m - +5 shadow dragon scales
rPois   +          Reflect  .   (helmet restricted)
rElec   .          Harm     .   (no cloak)
rCorr   .          Rampage  .   (gloves unavailable)
Will    +....                   (boots unavailable)
Stlth   +++.......              q - amulet of the acrobat
HPRegen 1.11/turn               r - ring of poison resistance
MPRegen 0.17/turn               g - ring of protection from cold

@: about to teleport, heroic
A: large, unfitting armour, claws 3, regeneration 1, shaggy fur 1, tough skin 1
a: Renounce Religion, Heroism, Finesse, Duel


You were on level 2 of the Abyss.
You worshipped Okawaru.
Okawaru was extremely pleased with you.
You visited 3 branches of the dungeon, and saw 20 of its levels.
You visited the Abyss 1 time.

You collected 1014 gold pieces.
You spent 115 gold pieces at shops.


Innate Abilities, Weirdness & Mutations

You are too large for most types of armour.
You have claws for hands.
Your natural rate of healing is unusually fast.
You are covered in fur. (AC +1)
You have tough skin. (AC +1)


   Skills:
 - Level 6.5(11.5) Fighting
 + Level 5.4(10.4) Throwing
 - Level 5.0(10.0) Armour
 - Level 1.5(6.5) Dodging
 - Level 14.0(19.0) Shields
 - Level 16.0(21.0) Unarmed Combat
 - Level 1.0 Spellcasting
 - Level 2.1 Fire Magic
 + Level 9.8 Invocations


You had 15 spell levels left.
You didn't know any spells.
Your spell library contained the following spells:

 Spells                   Type           Power      Damage    Failure   Level
 Scorch                   Fire           8%         2d5       87%         2

Inventory:

Missiles
 k - 11 boomerangs
 s - 18 large rocks (quivered)
 y - 2 javelins
Armour
 d - a +0 tower shield (worn)
 m - +5 shadow dragon scales (worn)
Jewellery
 a - a ring of positive energy
 b - a ring of resist corrosion
 c - a ring of resist corrosion
 g - a ring of protection from cold (right claw)
 h - a ring of willpower
 l - a ring of protection from fire
 p - a ring of protection from fire
 q - an amulet of the acrobat (around neck)
 r - a ring of poison resistance (left claw)
 u - a ring of willpower
 x - an amulet of regeneration
Scrolls
 f - 11 scrolls of identify
 i - 3 scrolls of teleportation
 v - a scroll of brand weapon
Potions
 e - 2 potions of might
 j - 11 potions of curing
 n - 3 potions of mutation
 o - a potion of heal wounds
 t - 2 potions of haste
 w - a potion of cancellation

Dungeon Overview and Level Annotations

Branches:
Dungeon (14/15)            Temple (1/1) D:5            Lair (5/5) D:11
 Shoals (0/4) Lair:3       Spider (0/4) Lair:2        Slime (0/5) Lair:4
    Orc (0/2) D:10
 Vaults: D:13-14

Altars:
Ashenzari
Cheibriados
Dithmenos
Elyvilon
Fedhas
Gozag
Hepliaklqana
Kikubaaqudgha
Makhleb
Nemelex Xobeh
Okawaru
Qazlal
Ru
Sif Muna
Trog
Uskayaw
Vehumet
Wu Jian
Xom
Yredelemnul
Zin
The Shining One
Jiyva

Shops:
D:3 [:   D:13 *

Annotations:
D:1 1 runed translucent door
D:11 1 runed translucent door, qw's ghost, journeyman TrCA


Message History

22480 ||| Stepping ~*~*~tactically~*~*~ (hiding).
You completely miss the bone dragon.
The bone dragon is heavily damaged.
You block the bone dragon's attack. The bone dragon claws you.
The bone dragon barely misses you.
The raiju barks!
You mangle the bone dragon!!
The bone dragon is heavily damaged.
You hear a bark! x2
You mangle the bone dragon!!
The bone dragon is severely damaged.
The bone dragon bites you!! The bone dragon claws you!
You block the bone dragon's attack.
You barely miss the bone dragon.
The bone dragon is severely damaged.
You block the bone dragon's attack.
The bone dragon claws you but does no damage.
You block the bone dragon's attack.
22485 ||| Stepping ~*~*~tactically~*~*~ (outnumbered).
The hellwing attacks as you move away! You block the hellwing's attack. x2
The raiju barely misses you.
22486 ||| Stepping ~*~*~tactically~*~*~ (outnumbered).
The raiju attacks as you move away! The raiju bites you. The raiju shocks you!
The raiju bursts into living lightning!
The living lightning misses you.
The raiju blinks!
The balrug gestures at you. Something smites you!
The hellwing swoops through the air toward you!
The hellwing closely misses you. You block the hellwing's attack.
22487 ||| READING 4 scrolls of teleportation.
As you read the scroll of teleportation, it crumbles to dust.
You feel strangely unstable.
You feel the power of the Abyss delaying your translocation!
The raiju bursts into living lightning!
The living lightning hits you!
The living lightning misses the raiju.
The raiju blinks!
The raiju bursts into living lightning!
The living lightning misses you.
The raiju blinks!
The bone dragon bites you! The bone dragon claws you.
You die...

#. ..##.# .# . #.#.. #
. . ##..##..#. .# .
..##.#..h##..##..# ..
# #..##.¤...... ... #
#...%...%.... ...
#.#..##.. #¤.# ..# #.
#..#.##..##..##..
#.2#.#.#.#.h2D@4......
#. ..#..............
#. .#.####..##h.###.
#.. .## ##..# .##
#..##.# #..... # #...
#. ####### .#. .# . .#


You could see a bone dragon, a balrug, a hellwing and 2 raiju.

Vanquished Creatures
  Josephine (D:14)
  A boulder beetle (Lair:5)
  2 hydras
  A catoblepas (Lair:5)
  4 two-headed ogres
  A centaur warrior (D:13)
  4 death yaks (Lair:4)
  2 thrashing horrors (Abyss:2)
  A large abomination (Abyss:2)
  2 sun demons (Abyss:2)
  A soul eater (Abyss:2)
  Nergalle (Lair:1)
  2 deep elf pyromancers
  8 ugly things
  4 oklob plants (Lair:1)
  3 cyclopes
  9 elephants
  A merfolk siren (Lair:3)
  6 black mambas
  A torpor snail (Lair:3)
  21 cane toads
  2 smoke demons (Abyss:2)
  An unseen horror (D:13)
  A hellion (Abyss:2)
  10 komodo dragons
  3 trolls
  A hornet (D:11)
  5 tyrant leeches (Lair:5)
  20 blink frogs
  3 polar bears
  10 raiju (Abyss:2)
  4 slime creatures (D:12)
  13 dream sheep (Lair:5)
  A shadow (D:6)
  2 vampires
  2 wyverns
  A ynoxinul (Abyss:2)
  8 humans (D:14)
  7 wraiths
  61 yaks
  2 small abominations (Abyss:2)
  2 steam dragons
  A chaos spawn (Abyss:2)
  5 basilisks
  18 fire elementals
  A neqoxec (Abyss:2)
  17 vampire mosquitoes
  Menkaure (D:4)
  3 acid dragons
  12 water moccasins
  2 ice beasts
  8 orc warriors
  2 black bears
  A sky beast (D:7)
  7 centaurs
  5 ogres
  2 phantoms
  5 kobold brigands
  4 gnoll sergeants
  19 bullfrogs
  A necrophage (D:6)
  2 scorpions
  An earth elemental (Abyss:2)
  5 wights
  7 killer bees
  6 electric eels (D:9)
  5 howler monkeys
  A quasit (Abyss:2)
  4 hounds
  A jelly (D:5)
  7 orc priests
  3 iguanas
  7 orc wizards
  Robin (D:4)
  8 adders
  10 gnolls
  A white imp (Abyss:2)
  2 ufetubi (D:6)
  A worm (D:3)
  4 dart slugs
  43 orcs
  11 ball pythons
  2 bats (D:1)
  8 endoplasms
  6 giant cockroaches
  18 goblins
  7 hobgoblins
  3 quokkas
  2 frilled lizards (D:1)
  25 kobolds
  8 rats
558 creatures vanquished.

Vanquished Creatures (others)
  25 fungi
  82 plants
107 creatures vanquished.

Grand Total: 665 creatures vanquished

Notes
Turn   | Place    | Note
-------+----------+-------------------------------------------
     0 | D:1      | qw the Troll Cinder Acolyte began the quest for the Orb.
     0 | D:1      | Reached XP level 1. HP: 22/22 MP: 1/1
     0 | D:1      | 0 ||| qw: Version: 0.1-a-97-g2dd2ca4
     0 | D:1      | 0 ||| qw: Game counter: 4805
     0 | D:1      | 0 ||| qw: Always use a shield: true
     0 | D:1      | 0 ||| qw: God list: Okawaru
     0 | D:1      | 0 ||| qw: Allow faded altars: false
     0 | D:1      | 0 ||| qw: Do Orc after D:15 true
     0 | D:1      | 0 ||| qw: Do second Lair branch before Depths: true
     0 | D:1      | 0 ||| qw: Lair rune preference: random
     0 | D:1      | 0 ||| qw: Plans: Normal
     0 | D:1      | 0 ||| PLANNING D:1-11
     1 | D:1      | Found a runed translucent door.
     2 | D:1      | Noticed a jelly
   117 | D:1      | 117 ||| Stepping ~*~*~tactically~*~*~ (outnumbered).
   118 | D:1      | 118 ||| Stepping ~*~*~tactically~*~*~ (outnumbered).
   119 | D:1      | 119 ||| Stepping ~*~*~tactically~*~*~ (outnumbered).
   149 | D:1      | 149 ||| Stepping ~*~*~tactically~*~*~ (outnumbered).
   150 | D:1      | 150 ||| Stepping ~*~*~tactically~*~*~ (outnumbered).
   152 | D:1      | Reached XP level 2. HP: 29/29 MP: 2/2
   159 | D:1      | 159 ||| Stepping ~*~*~tactically~*~*~ (stealth).
   161 | D:1      | 161 ||| Stepping ~*~*~tactically~*~*~ (hiding).
   164 | D:1      | 164 ||| Stepping ~*~*~tactically~*~*~ (hiding).
   260 | D:1      | 260 ||| Stepping ~*~*~tactically~*~*~ (stealth).
   397 | D:1      | Reached skill level 4 in Unarmed Combat
   461 | D:1      | Found a faded altar of an unknown god.
   463 | D:1      | 463 ||| Stepping ~*~*~tactically~*~*~ (stealth).
   467 | D:1      | 467 ||| Stepping ~*~*~tactically~*~*~ (outnumbered).
   468 | D:1      | 468 ||| Stepping ~*~*~tactically~*~*~ (outnumbered).
   469 | D:1      | 469 ||| Stepping ~*~*~tactically~*~*~ (outnumbered).
   476 | D:1      | Reached XP level 3. HP: 36/36 MP: 3/3
  1062 | D:1      | 1062 ||| DROPPING scarf of shadows.
  1063 | D:1      | 1063 ||| UPGRADING to ring of protection from fire.
  1064 | D:1      | 1064 ||| READING scroll labelled DEEFAI YPAAHE.
  1065 | D:1      | 1065 ||| READING 4 scrolls labelled GOXKOPR FENE.
  1066 | D:1      | 1066 ||| READING scroll labelled YTIHEO RUDWE.
  1067 | D:1      | 1067 ||| READING scroll labelled EPEREYPUHU.
  1100 | D:1      | 1100 ||| READING scroll labelled GESUITH GOTT.
  1101 | D:1      | 1101 ||| READING scroll labelled QOROLUINIV.
  1102 | D:1      | 1102 ||| READING 3 scrolls of identify.
  1102 | D:1      | 1102 ||| IDENTIFYING ruby potion
  1103 | D:1      | 1103 ||| READING 2 scrolls of identify.
  1103 | D:1      | 1103 ||| IDENTIFYING red potion
  1104 | D:1      | 1104 ||| DROPPING potion of attraction.
  1111 | D:2      | 1111 ||| STAIRDANCE
  1187 | D:2      | 1187 ||| Stepping ~*~*~tactically~*~*~ (stealth).
  1214 | D:2      | 1214 ||| Stepping ~*~*~tactically~*~*~ (outnumbered).
  1215 | D:2      | 1215 ||| Stepping ~*~*~tactically~*~*~ (outnumbered).
  1216 | D:2      | 1216 ||| Stepping ~*~*~tactically~*~*~ (outnumbered).
  1304 | D:2      | 1304 ||| Stepping ~*~*~tactically~*~*~ (stealth).
  1609 | D:2      | Reached XP level 4. HP: 43/44 MP: 4/4
  1736 | D:2      | 1736 ||| UPGRADING to ring of protection from cold.
  1737 | D:2      | 1737 ||| READING scroll labelled JUSKYOCLOC.
  1738 | D:2      | 1738 ||| READING scroll labelled OHESIL NONE.
  1759 | D:3      | Found a radiant altar of Vehumet.
  1920 | D:3      | Reached skill level 5 in Unarmed Combat
  1945 | D:3      | Found Luuxzoar's Book Shop.
  1973 | D:3      | Found Seschint's Armour Shop.
  2224 | D:3      | Reached skill level 1 in Throwing
  2353 | D:3      | 2353 ||| UPGRADING to +0 shadow dragon scales.
  2363 | D:3      | 2363 ||| DROPPING +0 robe.
  2364 | D:3      | 2364 ||| READING scroll labelled RUELOIGHAFOE.
  2365 | D:3      | 2365 ||| DRINKING 2 bubbling green potions.
  2366 | D:3      | 2366 ||| READING 3 scrolls of identify.
  2366 | D:3      | 2366 ||| IDENTIFYING white potion
  2367 | D:3      | 2367 ||| READING 2 scrolls of identify.
  2367 | D:3      | 2367 ||| IDENTIFYING bubbling white potion
  2368 | D:3      | 2368 ||| DROPPING potion of lignification.
  2369 | D:3      | 2369 ||| DROPPING potion of flight.
  2370 | D:3      | 2370 ||| DROPPING potion of magic.
  2419 | D:4      | 2419 ||| Stepping ~*~*~tactically~*~*~ (hiding).
  2521 | D:4      | 2521 ||| Stepping ~*~*~tactically~*~*~ (hiding).
  2623 | D:4      | 2623 ||| Stepping ~*~*~tactically~*~*~ (hiding).
  2725 | D:4      | 2725 ||| Stepping ~*~*~tactically~*~*~ (hiding).
  2827 | D:4      | 2827 ||| Stepping ~*~*~tactically~*~*~ (hiding).
  2929 | D:4      | 2929 ||| Stepping ~*~*~tactically~*~*~ (hiding).
  2996 | D:4      | 2996 ||| Stepping ~*~*~tactically~*~*~ (stealth).
  2997 | D:4      | 2997 ||| Stepping ~*~*~tactically~*~*~ (stealth).
  3036 | D:4      | 3036 ||| Stepping ~*~*~tactically~*~*~ (hiding).
  3142 | D:4      | 3142 ||| Stepping ~*~*~tactically~*~*~ (hiding).
  3244 | D:4      | 3244 ||| Stepping ~*~*~tactically~*~*~ (hiding).
  3346 | D:4      | 3346 ||| Stepping ~*~*~tactically~*~*~ (hiding).
  3455 | D:4      | Reached skill level 1 in Armour
  3458 | D:4      | 3458 ||| Stepping ~*~*~tactically~*~*~ (stealth).
  3461 | D:4      | 3461 ||| Stepping ~*~*~tactically~*~*~ (stealth).
  3515 | D:4      | Reached XP level 5. HP: 50/50 MP: 5/5
  3549 | D:4      | 3549 ||| Stepping ~*~*~tactically~*~*~ (stealth).
  3618 | D:4      | Noticed Robin
  3619 | D:4      | 3619 ||| Stepping ~*~*~tactically~*~*~ (hiding).
  3622 | D:4      | 3622 ||| Stepping ~*~*~tactically~*~*~ (outnumbered).
  3623 | D:4      | 3623 ||| Stepping ~*~*~tactically~*~*~ (outnumbered).
  3624 | D:4      | 3624 ||| Stepping ~*~*~tactically~*~*~ (hiding).
  3637 | D:4      | Killed Robin
  3644 | D:4      | 3644 ||| Stepping ~*~*~tactically~*~*~ (stealth).
  3665 | D:4      | 3665 ||| READING scroll of enchant armour.
  3665 | D:4      | 3665 ||| ENCHANTING +0 shadow dragon scales.
  3705 | D:4      | Noticed an ogre
  3707 | D:4      | 3707 ||| Stepping ~*~*~tactically~*~*~ (stealth).
  3717 | D:4      | Killed an ogre
  3718 | D:4      | Reached skill level 6 in Unarmed Combat
  3718 | D:4      | Reached XP level 6. HP: 35/59 MP: 6/6
  3742 | D:4      | 3742 ||| Stepping ~*~*~tactically~*~*~ (stealth).
  3744 | D:4      | 3744 ||| Stepping ~*~*~tactically~*~*~ (hiding).
  3745 | D:4      | 3745 ||| Stepping ~*~*~tactically~*~*~ (hiding).
  3746 | D:4      | 3746 ||| Stepping ~*~*~tactically~*~*~ (hiding).
  3747 | D:4      | 3747 ||| Stepping ~*~*~tactically~*~*~ (hiding).
  3756 | D:4      | 3756 ||| Stepping ~*~*~tactically~*~*~ (stealth).
  3757 | D:4      | 3757 ||| Stepping ~*~*~tactically~*~*~ (stealth).
  3758 | D:4      | 3758 ||| Stepping ~*~*~tactically~*~*~ (stealth).
  3795 | D:4      | 3795 ||| Stepping ~*~*~tactically~*~*~ (stealth).
  3808 | D:4      | 3808 ||| Stepping ~*~*~tactically~*~*~ (hiding).
  3809 | D:4      | 3809 ||| INVOKING Fiery Armour.
  3963 | D:4      | Reached skill level 7 in Unarmed Combat
  4058 | D:4      | 4058 ||| Stepping ~*~*~tactically~*~*~ (hiding).
  4219 | D:4      | Noticed Menkaure
  4220 | D:4      | 4220 ||| Stepping ~*~*~tactically~*~*~ (stealth).
  4222 | D:4      | 4222 ||| Stepping ~*~*~tactically~*~*~ (stealth).
  4227 | D:4      | 4227 ||| Stepping ~*~*~tactically~*~*~ (stealth).
  4234 | D:4      | 4234 ||| INVOKING Fiery Armour.
  4235 | D:4      | Killed Menkaure
  4236 | D:4      | Reached XP level 7. HP: 27/66 MP: 7/7
  4282 | D:4      | Found an opulent altar of Gozag.
  4296 | D:4      | 4296 ||| Stepping ~*~*~tactically~*~*~ (hiding).
  4966 | D:4      | 4966 ||| READING scroll labelled LUUSTA NISULI.
  4967 | D:4      | 4967 ||| READING 2 scrolls of identify.
  4967 | D:4      | 4967 ||| IDENTIFYING fizzy grey potion
  4968 | D:4      | 4968 ||| DROPPING potion of degeneration.
  4969 | D:4      | 4969 ||| READING scroll of teleportation.
  4988 | D:5      | Entered Level 5 of the Dungeon
  5006 | D:5      | 5006 ||| Stepping ~*~*~tactically~*~*~ (hiding).
  5108 | D:5      | 5108 ||| Stepping ~*~*~tactically~*~*~ (hiding).
  5210 | D:5      | 5210 ||| Stepping ~*~*~tactically~*~*~ (hiding).
  5312 | D:5      | 5312 ||| Stepping ~*~*~tactically~*~*~ (hiding).
  5414 | D:5      | 5414 ||| Stepping ~*~*~tactically~*~*~ (hiding).
  5415 | D:5      | 5415 ||| Stepping ~*~*~tactically~*~*~ (hiding).
  5423 | D:5      | Reached skill level 8 in Unarmed Combat
  5625 | D:5      | 5625 ||| READING 2 scrolls of identify.
  5625 | D:5      | 5625 ||| IDENTIFYING sedimented white potion
  5626 | D:5      | 5626 ||| Stepping randomly (stuck).
  5628 | D:5      | 5628 ||| Stepping randomly (stuck).
  5635 | D:5      | Reached skill level 3 in Fighting
  5692 | D:5      | 5692 ||| Stepping ~*~*~tactically~*~*~ (stealth).
  5718 | D:5      | 5718 ||| Stepping ~*~*~tactically~*~*~ (stealth).
  5859 | D:5      | Reached XP level 8. HP: 69/75 MP: 8/8
  5891 | D:5      | Reached skill level 9 in Unarmed Combat
  5969 | D:5      | Found a staircase to the Ecumenical Temple.
  6175 | D:5      | 6175 ||| READING 2 scrolls of identify.
  6175 | D:5      | 6175 ||| IDENTIFYING grey potion
  6249 | D:6      | 6249 ||| Stepping ~*~*~tactically~*~*~ (stealth).
  6251 | D:6      | 6251 ||| Stepping ~*~*~tactically~*~*~ (stealth).
  6317 | D:6      | 6317 ||| Stepping ~*~*~tactically~*~*~ (outnumbered).
  6318 | D:6      | 6318 ||| Stepping ~*~*~tactically~*~*~ (outnumbered).
  6325 | D:6      | Reached skill level 10 in Unarmed Combat
  6329 | D:6      | 6329 ||| Stepping ~*~*~tactically~*~*~ (stealth).
  6335 | D:6      | Reached skill level 3 in Armour
  6351 | D:6      | 6351 ||| Stepping ~*~*~tactically~*~*~ (stealth).
  6353 | D:6      | 6353 ||| Stepping ~*~*~tactically~*~*~ (stealth).
  6356 | D:6      | 6356 ||| Stepping ~*~*~tactically~*~*~ (stealth).
  6357 | D:6      | Noticed a six-headed hydra
  6358 | D:6      | 6358 ||| INVOKING Fiery Armour.
  6362 | D:6      | 6362 ||| Stepping ~*~*~tactically~*~*~ (stealth).
  6366 | D:6      | Killed an eight-headed hydra
  6367 | D:6      | Reached XP level 9. HP: 81/88 MP: 9/9
  6380 | D:6      | 6380 ||| Stepping ~*~*~tactically~*~*~ (stealth).
  6381 | D:6      | 6381 ||| Stepping ~*~*~tactically~*~*~ (stealth).
  6382 | D:6      | 6382 ||| Stepping ~*~*~tactically~*~*~ (stealth).
  6396 | D:6      | 6396 ||| Stepping ~*~*~tactically~*~*~ (stealth).
  6400 | D:6      | 6400 ||| READING scroll of enchant armour.
  6400 | D:6      | 6400 ||| ENCHANTING +1 shadow dragon scales.
  6402 | D:6      | 6402 ||| Stepping ~*~*~tactically~*~*~ (stealth).
  6403 | D:6      | 6403 ||| Stepping ~*~*~tactically~*~*~ (stealth).
  6404 | D:6      | 6404 ||| Stepping ~*~*~tactically~*~*~ (stealth).
  6405 | D:6      | 6405 ||| Stepping ~*~*~tactically~*~*~ (stealth).
  6406 | D:6      | 6406 ||| Stepping ~*~*~tactically~*~*~ (stealth).
  6784 | D:6      | 6784 ||| Stepping ~*~*~tactically~*~*~ (stealth).
  6801 | D:6      | Reached skill level 11 in Unarmed Combat
  6811 | D:6      | Reached skill level 1 in Dodging
  6827 | D:6      | 6827 ||| READING scroll of enchant armour.
  6827 | D:6      | 6827 ||| ENCHANTING +2 shadow dragon scales.
  6897 | D:6      | 6897 ||| DROPPING orb of light.
  6898 | D:6      | 6898 ||| UPGRADING to amulet of guardian spirit.
  6937 | D:7      | 6937 ||| Stepping ~*~*~tactically~*~*~ (stealth).
  6946 | D:7      | Reached skill level 3 in Throwing
  7032 | D:7      | 7032 ||| Stepping ~*~*~tactically~*~*~ (hiding).
  7042 | D:7      | 7042 ||| Stepping ~*~*~tactically~*~*~ (hiding).
  7187 | D:7      | 7187 ||| Stepping ~*~*~tactically~*~*~ (stealth).
  7278 | D:7      | Identified the +2 dagger "Cyuloen" {speed, Will+++ rCorr
                  | Str-4 Stlth+}
  7281 | D:7      | Noticed a two-headed ogre
  7282 | D:7      | 7282 ||| Stepping ~*~*~tactically~*~*~ (stealth).
  7440 | D:7      | 7440 ||| FLEEEEING.
  7441 | D:7      | 7441 ||| FLEEEEING.
  7443 | D:7      | 7443 ||| FLEEEEING.
  7444 | D:7      | 7444 ||| FLEEEEING.
  7445 | D:7      | 7445 ||| FLEEEEING.
  7448 | D:7      | 7448 ||| FLEEEEING.
  7449 | D:7      | 7449 ||| FLEEEEING.
  7453 | D:7      | 7453 ||| FLEEEEING.
  7454 | D:7      | 7454 ||| FLEEEEING.
  7459 | D:7      | 7459 ||| FLEEEEING.
  7460 | D:7      | 7460 ||| FLEEEEING.
  7461 | D:7      | 7461 ||| FLEEEEING.
  7462 | D:7      | 7462 ||| FLEEEEING.
  7463 | D:7      | 7463 ||| FLEEEEING.
  7464 | D:7      | 7464 ||| FLEEEEING.
  7468 | D:7      | 7468 ||| FLEEEEING.
  7469 | D:7      | 7469 ||| FLEEEEING.
  7470 | D:7      | 7470 ||| FLEEEEING.
  7471 | D:7      | 7471 ||| STAIRDANCE
  7502 | D:6      | 7502 ||| DROPPING ring of magical power.
  7503 | D:6      | 7503 ||| READING 2 scrolls of identify.
  7503 | D:6      | 7503 ||| IDENTIFYING fizzy cyan potion
  7604 | D:7      | 7604 ||| Stepping ~*~*~tactically~*~*~ (stealth).
  7845 | D:8      | 7845 ||| STAIRDANCE
  7853 | D:8      | 7853 ||| STAIRDANCE
  7857 | D:7      | Reached XP level 10. HP: 92/96 MP: 8/10
  7859 | D:7      | Reached skill level 12 in Unarmed Combat
  7920 | D:8      | 7920 ||| Stepping ~*~*~tactically~*~*~ (hiding).
  8158 | D:8      | 8158 ||| Stepping ~*~*~tactically~*~*~ (hiding).
  8260 | D:8      | 8260 ||| Stepping ~*~*~tactically~*~*~ (hiding).
  8362 | D:8      | 8362 ||| Stepping ~*~*~tactically~*~*~ (hiding).
  8464 | D:8      | 8464 ||| Stepping ~*~*~tactically~*~*~ (hiding).
  8566 | D:8      | 8566 ||| Stepping ~*~*~tactically~*~*~ (hiding).
  8668 | D:8      | 8668 ||| Stepping ~*~*~tactically~*~*~ (hiding).
  8771 | D:8      | 8771 ||| Stepping ~*~*~tactically~*~*~ (hiding).
  8839 | D:8      | 8839 ||| Stepping ~*~*~tactically~*~*~ (stealth).
  8841 | D:8      | 8841 ||| Stepping ~*~*~tactically~*~*~ (stealth).
  8843 | D:8      | 8843 ||| Stepping ~*~*~tactically~*~*~ (stealth).
  8859 | D:8      | 8859 ||| Stepping ~*~*~tactically~*~*~ (stealth).
  8861 | D:8      | 8861 ||| Stepping ~*~*~tactically~*~*~ (stealth).
  8866 | D:8      | 8866 ||| Stepping ~*~*~tactically~*~*~ (stealth).
  8868 | D:8      | 8868 ||| Stepping ~*~*~tactically~*~*~ (outnumbered).
  8882 | D:8      | 8882 ||| Stepping ~*~*~tactically~*~*~ (stealth).
  9281 | D:8      | 9281 ||| UPGRADING to ring of poison resistance.
  9283 | D:8      | 9283 ||| READING scroll labelled FUINUDATOKH.
  9384 | D:8      | 9384 ||| READING scroll labelled JALATE ADDI.
  9385 | D:8      | 9385 ||| DRINKING 2 fuming black potions.
  9386 | D:8      | 9386 ||| READING 3 scrolls of identify.
  9386 | D:8      | 9386 ||| IDENTIFYING viscous clear potion
  9387 | D:8      | 9387 ||| DROPPING potion of brilliance.
  9424 | D:9      | 9424 ||| Stepping ~*~*~tactically~*~*~ (hiding).
  9429 | D:9      | 9429 ||| Stepping ~*~*~tactically~*~*~ (stealth).
  9442 | D:9      | Noticed a two-headed ogre
  9446 | D:9      | Killed a two-headed ogre
  9447 | D:9      | Reached skill level 13 in Unarmed Combat
  9551 | D:9      | Found a shadowy altar of Dithmenos.
  9568 | D:9      | 9568 ||| FLEEEEING.
  9569 | D:9      | 9569 ||| FLEEEEING.
  9570 | D:9      | 9570 ||| FLEEEEING.
  9571 | D:9      | 9571 ||| FLEEEEING.
  9582 | D:9      | 9582 ||| FLEEEEING.
  9583 | D:9      | 9583 ||| FLEEEEING.
  9584 | D:9      | 9584 ||| FLEEEEING.
  9585 | D:9      | 9585 ||| FLEEEEING.
  9586 | D:9      | 9586 ||| FLEEEEING.
  9587 | D:9      | 9587 ||| FLEEEEING.
  9588 | D:9      | 9588 ||| FLEEEEING.
  9589 | D:9      | 9589 ||| FLEEEEING.
  9590 | D:9      | 9590 ||| FLEEEEING.
  9591 | D:9      | 9591 ||| FLEEEEING.
  9592 | D:9      | 9592 ||| FLEEEEING.
  9593 | D:9      | 9593 ||| FLEEEEING.
  9594 | D:9      | 9594 ||| FLEEEEING.
  9595 | D:9      | 9595 ||| FLEEEEING.
  9599 | D:9      | 9599 ||| FLEEEEING.
  9602 | D:9      | 9602 ||| FLEEEEING.
  9603 | D:9      | 9603 ||| FLEEEEING.
  9608 | D:9      | 9608 ||| STAIRDANCE
  9632 | D:8      | 9632 ||| UPGRADING to +0 kite shield.
  9637 | D:8      | 9637 ||| READING 4 scrolls labelled BEV HIUDGHIAXI.
  9638 | D:8      | 9638 ||| DROPPING 3 scrolls of fear.
  9650 | D:9      | Reached skill level 1 in Shields
  9765 | D:9      | 9765 ||| Stepping ~*~*~tactically~*~*~ (stealth).
  9767 | D:9      | 9767 ||| Stepping ~*~*~tactically~*~*~ (stealth).
  9847 | D:9      | 9847 ||| Stepping ~*~*~tactically~*~*~ (hiding).
  9949 | D:9      | 9949 ||| Stepping ~*~*~tactically~*~*~ (hiding).
 10051 | D:9      | 10051 ||| Stepping ~*~*~tactically~*~*~ (hiding).
 10153 | D:9      | 10153 ||| Stepping ~*~*~tactically~*~*~ (hiding).
 10156 | D:9      | 10156 ||| Stepping ~*~*~tactically~*~*~ (hiding).
 10157 | D:9      | 10157 ||| Stepping ~*~*~tactically~*~*~ (hiding).
 10185 | D:9      | 10185 ||| Stepping ~*~*~tactically~*~*~ (stealth).
 10186 | D:9      | 10186 ||| Stepping ~*~*~tactically~*~*~ (stealth).
 10193 | D:9      | 10193 ||| INVOKING Fiery Armour.
 10203 | D:9      | 10203 ||| Stepping ~*~*~tactically~*~*~ (outnumbered).
 10245 | D:9      | 10245 ||| FLEEEEING.
 10294 | D:9      | Reached skill level 3 in Shields
 10298 | D:9      | 10298 ||| FLEEEEING.
 10299 | D:9      | 10299 ||| FLEEEEING.
 10300 | D:9      | 10300 ||| FLEEEEING.
 10302 | D:9      | 10302 ||| INVOKING Fiery Armour.
 10305 | D:9      | 10305 ||| FLEEEEING.
 10306 | D:9      | 10306 ||| FLEEEEING.
 10307 | D:9      | 10307 ||| FLEEEEING.
 10308 | D:9      | 10308 ||| FLEEEEING.
 10309 | D:9      | 10309 ||| FLEEEEING.
 10310 | D:9      | 10310 ||| FLEEEEING.
 10311 | D:9      | 10311 ||| FLEEEEING.
 10367 | D:9      | 10367 ||| Stepping ~*~*~tactically~*~*~ (stealth).
 10368 | D:9      | 10368 ||| Stepping ~*~*~tactically~*~*~ (stealth).
 10391 | D:9      | 10391 ||| FLEEEEING.
 10392 | D:9      | 10392 ||| FLEEEEING.
 10428 | D:9      | 10428 ||| INVOKING Fiery Armour.
 10430 | D:9      | 10430 ||| Stepping ~*~*~tactically~*~*~ (stealth).
 10432 | D:9      | 10432 ||| Stepping ~*~*~tactically~*~*~ (stealth).
 10722 | D:10     | Entered Level 10 of the Dungeon
 10741 | D:10     | 10741 ||| Stepping ~*~*~tactically~*~*~ (stealth).
 10743 | D:10     | 10743 ||| Stepping ~*~*~tactically~*~*~ (stealth).
 10745 | D:10     | 10745 ||| Stepping ~*~*~tactically~*~*~ (stealth).
 10752 | D:10     | 10752 ||| Stepping ~*~*~tactically~*~*~ (stealth).
 10773 | D:10     | 10773 ||| Stepping ~*~*~tactically~*~*~ (stealth).
 10775 | D:10     | 10775 ||| Stepping ~*~*~tactically~*~*~ (stealth).
 10861 | D:10     | 10861 ||| Stepping ~*~*~tactically~*~*~ (stealth).
 10863 | D:10     | 10863 ||| Stepping ~*~*~tactically~*~*~ (stealth).
 10870 | D:10     | 10870 ||| Stepping ~*~*~tactically~*~*~ (stealth).
 10871 | D:10     | 10871 ||| Stepping ~*~*~tactically~*~*~ (stealth).
 10878 | D:10     | 10878 ||| Stepping ~*~*~tactically~*~*~ (outnumbered).
 10879 | D:10     | 10879 ||| Stepping ~*~*~tactically~*~*~ (outnumbered).
 10955 | D:10     | 10955 ||| Stepping ~*~*~tactically~*~*~ (stealth).
 10959 | D:10     | 10959 ||| Stepping ~*~*~tactically~*~*~ (stealth).
 10963 | D:10     | 10963 ||| Stepping ~*~*~tactically~*~*~ (stealth).
 10996 | D:10     | 10996 ||| Stepping ~*~*~tactically~*~*~ (hiding).
 10997 | D:10     | 10997 ||| Stepping ~*~*~tactically~*~*~ (hiding).
 11007 | D:10     | Reached skill level 6 in Shields
 11105 | D:10     | 11105 ||| Stepping ~*~*~tactically~*~*~ (hiding).
 11305 | D:10     | Found a staircase to the Orcish Mines.
 11306 | D:10     | 11306 ||| INVOKING Fiery Armour.
 11314 | D:10     | 11314 ||| Stepping ~*~*~tactically~*~*~ (outnumbered).
 11317 | D:10     | Reached XP level 11. HP: 87/104 MP: 9/11
 11320 | D:10     | 11320 ||| Stepping ~*~*~tactically~*~*~ (outnumbered).
 11327 | D:10     | 11327 ||| Stepping ~*~*~tactically~*~*~ (outnumbered).
 11331 | D:10     | 11331 ||| Stepping ~*~*~tactically~*~*~ (outnumbered).
 11333 | D:10     | 11333 ||| Stepping ~*~*~tactically~*~*~ (outnumbered).
 11337 | D:10     | 11337 ||| Stepping ~*~*~tactically~*~*~ (outnumbered).
 11343 | D:10     | 11343 ||| Stepping ~*~*~tactically~*~*~ (outnumbered).
 11349 | D:10     | HP: 24/104 [orc warrior/+0 trident (7)]
 11350 | D:10     | 11350 ||| READING 3 scrolls of teleportation.
 11351 | D:10     | 11351 ||| DRINKING 3 potions of heal wounds.
 11456 | D:10     | 11456 ||| Stepping ~*~*~tactically~*~*~ (stealth).
 11458 | D:10     | 11458 ||| Stepping ~*~*~tactically~*~*~ (stealth).
 11469 | D:10     | 11469 ||| Stepping ~*~*~tactically~*~*~ (stealth).
 11578 | D:10     | 11578 ||| DROPPING ring of fire.
 11579 | D:10     | 11579 ||| READING 2 scrolls labelled HUEPTI ADOU.
 11580 | D:10     | 11580 ||| READING scroll labelled RAPHUBU NUEMMO.
 11623 | D:10     | 11623 ||| DRINKING 2 silvery potions.
 11727 | D:10     | 11727 ||| DROPPING potion of berserk rage.
 11846 | D:11     | 11846 ||| Stepping ~*~*~tactically~*~*~ (stealth).
 11860 | D:11     | 11860 ||| Stepping ~*~*~tactically~*~*~ (stealth).
 11862 | D:11     | 11862 ||| Stepping ~*~*~tactically~*~*~ (stealth).
 11864 | D:11     | 11864 ||| Stepping ~*~*~tactically~*~*~ (stealth).
 11866 | D:11     | 11866 ||| Stepping ~*~*~tactically~*~*~ (stealth).
 11880 | D:11     | Found a staircase to the Lair.
 11936 | D:11     | Noticed a two-headed ogre
 11945 | D:11     | 11945 ||| INVOKING Fiery Armour.
 11946 | D:11     | HP: 26/104 [two-headed ogre/+0 giant club (7)]
 11947 | D:11     | 11947 ||| READING 2 scrolls of teleportation.
 11948 | D:11     | 11948 ||| DRINKING 2 potions of heal wounds.
 11951 | D:11     | Killed a two-headed ogre
 12065 | D:11     | 12065 ||| READING scroll of enchant armour.
 12065 | D:11     | 12065 ||| ENCHANTING +3 shadow dragon scales.
 12480 | D:11     | Noticed a two-headed ogre
 12490 | D:11     | Killed a two-headed ogre
 12534 | D:11     | Found a runed translucent door.
 12535 | D:11     | Noticed qw's ghost (journeyman TrCA)
 12535 | D:11     | Noticed a deep elf pyromancer
 12721 | D:11     | 12721 ||| READING 4 scrolls of identify.
 12721 | D:11     | 12721 ||| IDENTIFYING cyan potion
 12722 | D:11     | 12722 ||| PLANNING LAIR
 12758 | Lair:1   | Entered Level 1 of the Lair of Beasts
 12785 | Lair:1   | 12785 ||| Stepping ~*~*~tactically~*~*~ (outnumbered).
 12786 | Lair:1   | 12786 ||| Stepping ~*~*~tactically~*~*~ (outnumbered).
 12787 | Lair:1   | 12787 ||| Stepping ~*~*~tactically~*~*~ (outnumbered).
 12788 | Lair:1   | 12788 ||| Stepping ~*~*~tactically~*~*~ (outnumbered).
 12789 | Lair:1   | 12789 ||| Stepping ~*~*~tactically~*~*~ (outnumbered).
 12790 | Lair:1   | 12790 ||| Stepping ~*~*~tactically~*~*~ (outnumbered).
 12794 | Lair:1   | 12794 ||| Stepping ~*~*~tactically~*~*~ (outnumbered).
 12795 | Lair:1   | 12795 ||| Stepping ~*~*~tactically~*~*~ (outnumbered).
 12797 | Lair:1   | 12797 ||| Stepping ~*~*~tactically~*~*~ (outnumbered).
 12799 | Lair:1   | 12799 ||| Stepping ~*~*~tactically~*~*~ (outnumbered).
 12800 | Lair:1   | 12800 ||| Stepping ~*~*~tactically~*~*~ (outnumbered).
 12801 | Lair:1   | 12801 ||| Stepping ~*~*~tactically~*~*~ (outnumbered).
 12802 | Lair:1   | 12802 ||| Stepping ~*~*~tactically~*~*~ (outnumbered).
 12803 | Lair:1   | 12803 ||| Stepping ~*~*~tactically~*~*~ (outnumbered).
 12807 | Lair:1   | Reached skill level 9 in Shields
 12807 | Lair:1   | 12807 ||| Stepping ~*~*~tactically~*~*~ (outnumbered).
 12808 | Lair:1   | 12808 ||| Stepping ~*~*~tactically~*~*~ (outnumbered).
 12837 | Lair:1   | 12837 ||| Stepping ~*~*~tactically~*~*~ (stealth).
 12838 | Lair:1   | 12838 ||| Stepping ~*~*~tactically~*~*~ (stealth).
 12839 | Lair:1   | 12839 ||| Stepping ~*~*~tactically~*~*~ (stealth).
 12842 | Lair:1   | 12842 ||| Stepping ~*~*~tactically~*~*~ (stealth).
 12843 | Lair:1   | 12843 ||| Stepping ~*~*~tactically~*~*~ (stealth).
 12844 | Lair:1   | 12844 ||| Stepping ~*~*~tactically~*~*~ (stealth).
 12846 | Lair:1   | 12846 ||| Stepping ~*~*~tactically~*~*~ (stealth).
 12860 | Lair:1   | 12860 ||| Stepping ~*~*~tactically~*~*~ (stealth).
 12861 | Lair:1   | 12861 ||| Stepping ~*~*~tactically~*~*~ (stealth).
 12862 | Lair:1   | 12862 ||| Stepping ~*~*~tactically~*~*~ (stealth).
 12863 | Lair:1   | 12863 ||| Stepping ~*~*~tactically~*~*~ (stealth).
 12930 | Lair:1   | 12930 ||| Stepping ~*~*~tactically~*~*~ (stealth).
 12969 | Lair:1   | 12969 ||| Stepping ~*~*~tactically~*~*~ (stealth).
 12971 | Lair:1   | 12971 ||| Stepping ~*~*~tactically~*~*~ (stealth).
 13158 | Lair:1   | 13158 ||| Stepping ~*~*~tactically~*~*~ (stealth).
 13164 | Lair:1   | 13164 ||| Stepping ~*~*~tactically~*~*~ (outnumbered).
 13165 | Lair:1   | 13165 ||| Stepping ~*~*~tactically~*~*~ (outnumbered).
 13166 | Lair:1   | 13166 ||| Stepping ~*~*~tactically~*~*~ (outnumbered).
 13167 | Lair:1   | 13167 ||| Stepping ~*~*~tactically~*~*~ (outnumbered).
 13168 | Lair:1   | 13168 ||| Stepping ~*~*~tactically~*~*~ (outnumbered).
 13169 | Lair:1   | 13169 ||| Stepping ~*~*~tactically~*~*~ (outnumbered).
 13170 | Lair:1   | 13170 ||| Stepping ~*~*~tactically~*~*~ (outnumbered).
 13171 | Lair:1   | 13171 ||| Stepping ~*~*~tactically~*~*~ (outnumbered).
 13172 | Lair:1   | 13172 ||| Stepping ~*~*~tactically~*~*~ (outnumbered).
 13173 | Lair:1   | 13173 ||| Stepping ~*~*~tactically~*~*~ (outnumbered).
 13242 | Lair:1   | 13242 ||| INVOKING Fiery Armour.
 13243 | Lair:1   | 13243 ||| Stepping ~*~*~tactically~*~*~ (outnumbered).
 13246 | Lair:1   | 13246 ||| Stepping ~*~*~tactically~*~*~ (outnumbered).
 13251 | Lair:1   | 13251 ||| Stepping ~*~*~tactically~*~*~ (outnumbered).
 13368 | Lair:1   | Reached XP level 12. HP: 111/111 MP: 12/12
 13474 | Lair:1   | 13474 ||| INVOKING Fiery Armour.
 13487 | Lair:1   | Reached skill level 14 in Unarmed Combat
 13500 | Lair:1   | 13500 ||| READING scroll of teleportation.
 13505 | Lair:1   | Reached skill level 6 in Fighting
 13664 | Lair:1   | Noticed Nergalle
 13674 | Lair:1   | 13674 ||| Stepping ~*~*~tactically~*~*~ (outnumbered).
 13675 | Lair:1   | 13675 ||| Stepping ~*~*~tactically~*~*~ (outnumbered).
 13681 | Lair:1   | 13681 ||| Stepping ~*~*~tactically~*~*~ (outnumbered).
 13682 | Lair:1   | 13682 ||| Stepping ~*~*~tactically~*~*~ (outnumbered).
 13683 | Lair:1   | 13683 ||| Stepping ~*~*~tactically~*~*~ (outnumbered).
 13684 | Lair:1   | 13684 ||| Stepping ~*~*~tactically~*~*~ (outnumbered).
 13685 | Lair:1   | 13685 ||| Stepping ~*~*~tactically~*~*~ (outnumbered).
 13686 | Lair:1   | 13686 ||| INVOKING Fiery Armour.
 13687 | Lair:1   | 13687 ||| Stepping ~*~*~tactically~*~*~ (outnumbered).
 13692 | Lair:1   | HP: 24/102 [spectral orc knight/+2 great mace[Nergalle]
                  | (4)]
 13693 | Lair:1   | 13693 ||| DRINKING potion of heal wounds.
 13694 | Lair:1   | Killed Nergalle
 13947 | Lair:1   | 13947 ||| INVOKING Fiery Armour.
 14331 | Lair:2   | Found a hole to the Spider Nest.
 14389 | Lair:2   | 14389 ||| Stepping ~*~*~tactically~*~*~ (stealth).
 14390 | Lair:2   | 14390 ||| Stepping ~*~*~tactically~*~*~ (stealth).
 14441 | Lair:2   | 14441 ||| Stepping ~*~*~tactically~*~*~ (outnumbered).
 14442 | Lair:2   | 14442 ||| Stepping ~*~*~tactically~*~*~ (outnumbered).
 14443 | Lair:2   | 14443 ||| Stepping ~*~*~tactically~*~*~ (outnumbered).
 14446 | Lair:2   | 14446 ||| Stepping ~*~*~tactically~*~*~ (outnumbered).
 14449 | Lair:2   | 14449 ||| INVOKING Fiery Armour.
 14452 | Lair:2   | 14452 ||| Stepping ~*~*~tactically~*~*~ (outnumbered).
 14453 | Lair:2   | 14453 ||| Stepping ~*~*~tactically~*~*~ (outnumbered).
 14454 | Lair:2   | 14454 ||| PLANNING TEMPLE
 14457 | Lair:2   | 14457 ||| Stepping ~*~*~tactically~*~*~ (outnumbered).
 14459 | Lair:2   | 14459 ||| Stepping ~*~*~tactically~*~*~ (outnumbered).
 14466 | Lair:2   | Reached skill level 15 in Unarmed Combat
 14469 | Lair:2   | 14469 ||| Stepping ~*~*~tactically~*~*~ (outnumbered).
 14470 | Lair:2   | 14470 ||| Stepping ~*~*~tactically~*~*~ (outnumbered).
 14471 | Lair:2   | 14471 ||| Stepping ~*~*~tactically~*~*~ (outnumbered).
 14474 | Lair:2   | 14474 ||| Stepping ~*~*~tactically~*~*~ (outnumbered).
 14706 | Temple   | Entered the Ecumenical Temple
 14770 | Temple   | 14770 ||| PLANNING CONVERSION TO OKAWARU
 14777 | Temple   | Fell from the grace of Ignis
 14777 | Temple   | Became a worshipper of Warmaster Okawaru
 14778 | Temple   | 14778 ||| PLANNING LAIR
 14778 | Temple   | 14778 ||| REMOVING amulet of guardian spirit.
 14783 | Temple   | 14783 ||| DROPPING amulet of guardian spirit.
 14784 | Temple   | 14784 ||| UPGRADING to amulet of the acrobat.
 15241 | Lair:2   | 15241 ||| Stepping ~*~*~tactically~*~*~ (hiding).
 15343 | Lair:2   | 15343 ||| Stepping ~*~*~tactically~*~*~ (hiding).
 15445 | Lair:2   | 15445 ||| Stepping ~*~*~tactically~*~*~ (hiding).
 15551 | Lair:2   | 15551 ||| DRINKING 3 potions of cancellation.
 15552 | Lair:2   | 15552 ||| DRINKING 2 potions of cancellation.
 15554 | Lair:2   | 15554 ||| DRINKING potion of cancellation.
 16046 | Lair:2   | You fall into a shaft and drop 1 floor!
 16060 | Lair:3   | 16060 ||| Stepping ~*~*~tactically~*~*~ (outnumbered).
 16061 | Lair:3   | 16061 ||| Stepping ~*~*~tactically~*~*~ (outnumbered).
 16062 | Lair:3   | 16062 ||| Stepping ~*~*~tactically~*~*~ (outnumbered).
 16063 | Lair:3   | 16063 ||| Stepping ~*~*~tactically~*~*~ (outnumbered).
 16522 | Lair:3   | You fall into a shaft and drop 2 floors!
 16522 | Lair:5   | Entered Level 5 of the Lair of Beasts
 16525 | Lair:5   | 16525 ||| Stepping ~*~*~tactically~*~*~ (outnumbered).
 16526 | Lair:5   | 16526 ||| Stepping ~*~*~tactically~*~*~ (outnumbered).
 16528 | Lair:5   | Reached * piety under Okawaru
 16529 | Lair:5   | 16529 ||| INVOKING Heroism.
 16539 | Lair:5   | Reached skill level 1 in Invocations
 16543 | Lair:5   | 16543 ||| INVOKING Heroism.
 16544 | Lair:5   | 16544 ||| Stepping ~*~*~tactically~*~*~ (outnumbered).
 16547 | Lair:5   | 16547 ||| Stepping ~*~*~tactically~*~*~ (outnumbered).
 16548 | Lair:5   | 16548 ||| Stepping ~*~*~tactically~*~*~ (outnumbered).
 16549 | Lair:5   | 16549 ||| Stepping ~*~*~tactically~*~*~ (outnumbered).
 16550 | Lair:5   | 16550 ||| Stepping ~*~*~tactically~*~*~ (outnumbered).
 16551 | Lair:5   | 16551 ||| Stepping ~*~*~tactically~*~*~ (outnumbered).
 16552 | Lair:5   | 16552 ||| Stepping ~*~*~tactically~*~*~ (outnumbered).
 16555 | Lair:5   | 16555 ||| Stepping ~*~*~tactically~*~*~ (outnumbered).
 16558 | Lair:5   | 16558 ||| Stepping ~*~*~tactically~*~*~ (outnumbered).
 16560 | Lair:5   | 16560 ||| INVOKING Heroism.
 16573 | Lair:5   | 16573 ||| Stepping ~*~*~tactically~*~*~ (stealth).
 16573 | Lair:5   | Noticed a seven-headed hydra
 16576 | Lair:5   | 16576 ||| INVOKING Heroism.
 16585 | Lair:5   | 16585 ||| Stepping ~*~*~tactically~*~*~ (outnumbered).
 16590 | Lair:5   | Killed an 11-headed hydra
 16590 | Lair:5   | Reached ** piety under Okawaru
 16597 | Lair:5   | Reached skill level 3 in Invocations
 16599 | Lair:5   | 16599 ||| INVOKING Heroism.
 16633 | Lair:5   | 16633 ||| INVOKING Heroism.
 16683 | Lair:5   | 16683 ||| INVOKING Heroism.
 16688 | Lair:5   | Reached XP level 13. HP: 97/120 MP: 11/14
 16718 | Lair:5   | 16718 ||| Stepping ~*~*~tactically~*~*~ (stealth).
 16721 | Lair:5   | 16721 ||| INVOKING Heroism.
 16872 | Lair:4   | 16872 ||| INVOKING Heroism.
 16893 | Lair:4   | 16893 ||| INVOKING Heroism.
 16911 | Lair:4   | 16911 ||| Stepping ~*~*~tactically~*~*~ (outnumbered).
 16928 | Lair:4   | 16928 ||| INVOKING Heroism.
 16958 | Lair:3   | 16958 ||| Stepping ~*~*~tactically~*~*~ (outnumbered).
 16965 | Lair:3   | Reached *** piety under Okawaru
 17019 | Lair:3   | 17019 ||| INVOKING Heroism.
 17078 | Lair:3   | 17078 ||| Stepping ~*~*~tactically~*~*~ (hiding).
 17081 | Lair:3   | 17081 ||| Stepping ~*~*~tactically~*~*~ (outnumbered).
 17082 | Lair:3   | 17082 ||| Stepping ~*~*~tactically~*~*~ (outnumbered).
 17083 | Lair:3   | 17083 ||| Stepping ~*~*~tactically~*~*~ (outnumbered).
 17088 | Lair:3   | Reached skill level 16 in Unarmed Combat
 17319 | Lair:3   | Found a staircase to the Shoals.
 17371 | Lair:3   | 17371 ||| INVOKING Heroism.
 17375 | Lair:3   | 17375 ||| Stepping ~*~*~tactically~*~*~ (outnumbered).
 17376 | Lair:3   | 17376 ||| Stepping ~*~*~tactically~*~*~ (outnumbered).
 17377 | Lair:3   | 17377 ||| Stepping ~*~*~tactically~*~*~ (outnumbered).
 17378 | Lair:3   | 17378 ||| Stepping ~*~*~tactically~*~*~ (outnumbered).
 17379 | Lair:3   | 17379 ||| Stepping ~*~*~tactically~*~*~ (outnumbered).
 17380 | Lair:3   | 17380 ||| Stepping ~*~*~tactically~*~*~ (outnumbered).
 17381 | Lair:3   | 17381 ||| Stepping ~*~*~tactically~*~*~ (outnumbered).
 17382 | Lair:3   | 17382 ||| Stepping ~*~*~tactically~*~*~ (outnumbered).
 17383 | Lair:3   | 17383 ||| Stepping ~*~*~tactically~*~*~ (outnumbered).
 17384 | Lair:3   | 17384 ||| Stepping ~*~*~tactically~*~*~ (outnumbered).
 17385 | Lair:3   | 17385 ||| Stepping ~*~*~tactically~*~*~ (outnumbered).
 17386 | Lair:3   | 17386 ||| Stepping ~*~*~tactically~*~*~ (outnumbered).
 17387 | Lair:3   | 17387 ||| Stepping ~*~*~tactically~*~*~ (outnumbered).
 17388 | Lair:3   | 17388 ||| Stepping ~*~*~tactically~*~*~ (outnumbered).
 17389 | Lair:3   | 17389 ||| STAIRDANCE
 17391 | Lair:2   | 17391 ||| Stepping ~*~*~tactically~*~*~ (outnumbered).
 17392 | Lair:2   | 17392 ||| Stepping ~*~*~tactically~*~*~ (outnumbered).
 17393 | Lair:2   | 17393 ||| Stepping ~*~*~tactically~*~*~ (outnumbered).
 17412 | Lair:2   | 17412 ||| UPGRADING to +0 tower shield.
 17422 | Lair:2   | 17422 ||| DROPPING +0 kite shield.
 17428 | Lair:3   | 17428 ||| STAIRDANCE
 17436 | Lair:3   | 17436 ||| INVOKING Heroism.
 17437 | Lair:3   | 17437 ||| Stepping ~*~*~tactically~*~*~ (outnumbered).
 17438 | Lair:3   | 17438 ||| Stepping ~*~*~tactically~*~*~ (outnumbered).
 17439 | Lair:3   | 17439 ||| Stepping ~*~*~tactically~*~*~ (outnumbered).
 17626 | Lair:3   | You fall into a shaft and drop 1 floor!
 17627 | Lair:4   | 17627 ||| INVOKING Heroism.
 17641 | Lair:4   | 17641 ||| INVOKING Heroism.
 17653 | Lair:4   | 17653 ||| INVOKING Heroism.
 17679 | Lair:4   | 17679 ||| INVOKING Heroism.
 17804 | Lair:3   | Reached **** piety under Okawaru
 17925 | Lair:3   | 17925 ||| READING 9 scrolls of identify.
 17925 | Lair:3   | 17925 ||| IDENTIFYING golden potion
 17926 | Lair:3   | 17926 ||| DROPPING potion of invisibility.
 17958 | Lair:4   | Found a viscous altar of Jiyva.
 17958 | Lair:4   | Found a staircase to the Slime Pits.
 17964 | Lair:4   | 17964 ||| INVOKING Heroism.
 17972 | Lair:4   | 17972 ||| Stepping ~*~*~tactically~*~*~ (outnumbered).
 17975 | Lair:4   | 17975 ||| Stepping ~*~*~tactically~*~*~ (outnumbered).
 17987 | Lair:4   | 17987 ||| INVOKING Heroism.
 18014 | Lair:4   | 18014 ||| Stepping ~*~*~tactically~*~*~ (stealth).
 18016 | Lair:4   | 18016 ||| Stepping ~*~*~tactically~*~*~ (stealth).
 18019 | Lair:4   | 18019 ||| Stepping ~*~*~tactically~*~*~ (stealth).
 18023 | Lair:4   | 18023 ||| INVOKING Heroism.
 18028 | Lair:4   | 18028 ||| Stepping ~*~*~tactically~*~*~ (outnumbered).
 18029 | Lair:4   | 18029 ||| Stepping ~*~*~tactically~*~*~ (outnumbered).
 18030 | Lair:4   | 18030 ||| Stepping ~*~*~tactically~*~*~ (outnumbered).
 18035 | Lair:4   | 18035 ||| Stepping ~*~*~tactically~*~*~ (outnumbered).
 18042 | Lair:4   | 18042 ||| INVOKING Heroism.
 18150 | Lair:4   | Reached skill level 12 in Shields
 18152 | Lair:4   | 18152 ||| Stepping ~*~*~tactically~*~*~ (outnumbered).
 18153 | Lair:4   | 18153 ||| Stepping ~*~*~tactically~*~*~ (outnumbered).
 18154 | Lair:4   | 18154 ||| Stepping ~*~*~tactically~*~*~ (outnumbered).
 18355 | Lair:4   | 18355 ||| INVOKING Heroism.
 18396 | Lair:4   | Identified the +10 falchion of the Six Beasts {antimagic,
                  | *Noise rC+ Str+3 Int+2}
 18489 | Lair:4   | 18489 ||| INVOKING Heroism.
 18744 | Lair:5   | 18744 ||| STAIRDANCE
 18812 | Lair:5   | 18812 ||| INVOKING Heroism.
 18833 | Lair:5   | Received a gift from Okawaru
 18842 | Lair:5   | 18842 ||| Stepping ~*~*~tactically~*~*~ (outnumbered).
 18846 | Lair:5   | Reached skill level 6 in Invocations
 18847 | Lair:5   | 18847 ||| INVOKING Heroism.
 18885 | Lair:5   | 18885 ||| INVOKING Heroism.
 18932 | Lair:5   | 18932 ||| INVOKING Heroism.
 18981 | Lair:5   | 18981 ||| INVOKING Heroism.
 18999 | Lair:5   | 18999 ||| INVOKING Heroism.
 19024 | Lair:5   | 19024 ||| INVOKING Heroism.
 19035 | Lair:5   | 19035 ||| Stepping ~*~*~tactically~*~*~ (outnumbered).
 19036 | Lair:5   | 19036 ||| Stepping ~*~*~tactically~*~*~ (outnumbered).
 19037 | Lair:5   | 19037 ||| Stepping ~*~*~tactically~*~*~ (outnumbered).
 19039 | Lair:5   | 19039 ||| Stepping ~*~*~tactically~*~*~ (outnumbered).
 19040 | Lair:5   | 19040 ||| INVOKING Heroism.
 19041 | Lair:5   | 19041 ||| Stepping ~*~*~tactically~*~*~ (outnumbered).
 19042 | Lair:5   | 19042 ||| Stepping ~*~*~tactically~*~*~ (outnumbered).
 19061 | Lair:5   | Reached XP level 14. HP: 67/131 MP: 16/18
 19091 | Lair:5   | 19091 ||| DRINKING 10 potions of curing.
 19091 | Lair:5   | 19091 ||| (to cure confusion)
 19092 | Lair:5   | 19092 ||| INVOKING Heroism.
 19105 | Lair:5   | 19105 ||| FLEEEEING.
 19106 | Lair:5   | 19106 ||| FLEEEEING.
 19107 | Lair:5   | 19107 ||| FLEEEEING.
 19108 | Lair:5   | 19108 ||| FLEEEEING.
 19109 | Lair:5   | 19109 ||| FLEEEEING.
 19110 | Lair:5   | 19110 ||| FLEEEEING.
 19111 | Lair:5   | 19111 ||| FLEEEEING.
 19344 | Lair:5   | Found a hide-covered altar of Uskayaw.
 19360 | Lair:5   | Was forgiven by Ignis
 19455 | Lair:5   | 19455 ||| INVOKING Heroism.
 19480 | Lair:5   | 19480 ||| INVOKING Heroism.
 19551 | Lair:5   | 19551 ||| INVOKING Heroism.
 19559 | Lair:5   | 19559 ||| Stepping ~*~*~tactically~*~*~ (outnumbered).
 19560 | Lair:5   | 19560 ||| Stepping ~*~*~tactically~*~*~ (outnumbered).
 19561 | Lair:5   | 19561 ||| Stepping ~*~*~tactically~*~*~ (outnumbered).
 19562 | Lair:5   | 19562 ||| Stepping ~*~*~tactically~*~*~ (outnumbered).
 19563 | Lair:5   | 19563 ||| Stepping ~*~*~tactically~*~*~ (outnumbered).
 19566 | Lair:5   | 19566 ||| Stepping ~*~*~tactically~*~*~ (outnumbered).
 19820 | Lair:5   | 19820 ||| INVOKING Heroism.
 19966 | Lair:5   | 19966 ||| PLANNING D
 19966 | Lair:5   | 19966 ||| DROPPING scarf of harm.
 19967 | Lair:5   | 19967 ||| DROPPING ring of wizardry.
 20101 | D:12     | 20101 ||| Stepping ~*~*~tactically~*~*~ (stealth).
 20104 | D:12     | Reached ***** piety under Okawaru
 20123 | D:12     | 20123 ||| FLEEEEING.
 20124 | D:12     | 20124 ||| FLEEEEING.
 20125 | D:12     | 20125 ||| FLEEEEING.
 20126 | D:12     | 20126 ||| FLEEEEING.
 20127 | D:12     | 20127 ||| FLEEEEING.
 20128 | D:12     | 20128 ||| FLEEEEING.
 20129 | D:12     | 20129 ||| STAIRDANCE
 20367 | D:12     | 20367 ||| INVOKING Heroism.
 20371 | D:12     | 20371 ||| Stepping ~*~*~tactically~*~*~ (outnumbered).
 20372 | D:12     | 20372 ||| Stepping ~*~*~tactically~*~*~ (outnumbered).
 20375 | D:12     | 20375 ||| Stepping ~*~*~tactically~*~*~ (outnumbered).
 20376 | D:12     | 20376 ||| Stepping ~*~*~tactically~*~*~ (outnumbered).
 20377 | D:12     | 20377 ||| Stepping ~*~*~tactically~*~*~ (outnumbered).
 20378 | D:12     | 20378 ||| Stepping ~*~*~tactically~*~*~ (outnumbered).
 20379 | D:12     | 20379 ||| Stepping ~*~*~tactically~*~*~ (outnumbered).
 20380 | D:12     | 20380 ||| Stepping ~*~*~tactically~*~*~ (outnumbered).
 20387 | D:12     | 20387 ||| Stepping ~*~*~tactically~*~*~ (outnumbered).
 20388 | D:12     | 20388 ||| Stepping ~*~*~tactically~*~*~ (outnumbered).
 20457 | D:12     | 20457 ||| INVOKING Heroism.
 20458 | D:12     | 20458 ||| Stepping ~*~*~tactically~*~*~ (outnumbered).
 20459 | D:12     | 20459 ||| Stepping ~*~*~tactically~*~*~ (outnumbered).
 20460 | D:12     | 20460 ||| Stepping ~*~*~tactically~*~*~ (outnumbered).
 20461 | D:12     | 20461 ||| Stepping ~*~*~tactically~*~*~ (outnumbered).
 20462 | D:12     | 20462 ||| Stepping ~*~*~tactically~*~*~ (outnumbered).
 20827 | D:12     | 20827 ||| DROPPING scarf of invisibility.
 20828 | D:12     | 20828 ||| DROPPING amulet of magic regeneration.
 20856 | D:13     | 20856 ||| Stepping ~*~*~tactically~*~*~ (stealth).
 20863 | D:13     | 20863 ||| Stepping ~*~*~tactically~*~*~ (outnumbered).
 20871 | D:13     | 20871 ||| INVOKING Heroism.
 20955 | D:13     | 20955 ||| INVOKING Heroism.
 20959 | D:13     | 20959 ||| Stepping ~*~*~tactically~*~*~ (outnumbered).
 20960 | D:13     | 20960 ||| Stepping ~*~*~tactically~*~*~ (outnumbered).
 21012 | D:13     | 21012 ||| Stepping ~*~*~tactically~*~*~ (hiding).
 21015 | D:13     | 21015 ||| Stepping ~*~*~tactically~*~*~ (outnumbered).
 21016 | D:13     | 21016 ||| INVOKING Heroism.
 21319 | D:13     | Received a gift from Okawaru
 21408 | D:13     | Found Adwionoa's General Store.
 21420 | D:13     | 21420 ||| BUYING scroll of enchant armour (82 gold).
 21420 | D:13     | Bought a scroll of enchant armour for 82 gold pieces
 21420 | D:13     | 21420 ||| BUYING scroll of teleportation (33 gold).
 21420 | D:13     | Bought a scroll of teleportation for 33 gold pieces
 21420 | D:13     | 21420 ||| READING scroll of enchant armour.
 21420 | D:13     | 21420 ||| ENCHANTING +4 shadow dragon scales.
 21791 | D:14     | Noticed Josephine
 21792 | D:14     | 21792 ||| Stepping ~*~*~tactically~*~*~ (hiding).
 21800 | D:14     | 21800 ||| INVOKING Heroism.
 21801 | D:14     | 21801 ||| Stepping ~*~*~tactically~*~*~ (outnumbered).
 21810 | D:14     | Killed Josephine
 21819 | D:14     | 21819 ||| Stepping ~*~*~tactically~*~*~ (outnumbered).
 21855 | D:14     | 21855 ||| INVOKING Heroism.
 21869 | D:14     | Received a gift from Okawaru
 21874 | D:14     | Reached skill level 9 in Invocations
 21880 | D:14     | 21880 ||| Stepping ~*~*~tactically~*~*~ (stealth).
 21885 | D:14     | 21885 ||| Stepping ~*~*~tactically~*~*~ (stealth).
 21923 | D:14     | 21923 ||| Stepping ~*~*~tactically~*~*~ (stealth).
 21924 | D:14     | 21924 ||| Stepping ~*~*~tactically~*~*~ (stealth).
 21955 | D:14     | 21955 ||| INVOKING Heroism.
 21956 | D:14     | 21956 ||| Stepping ~*~*~tactically~*~*~ (stealth).
 21958 | D:14     | 21958 ||| Stepping ~*~*~tactically~*~*~ (stealth).
 21981 | D:14     | 21981 ||| Stepping ~*~*~tactically~*~*~ (stealth).
 21983 | Abyss:2  | Cast into level 2 of the Abyss (a wizard)
 21994 | Abyss:2  | Found a corrupted altar of Lugonu.
 22018 | Abyss:2  | 22018 ||| Stepping ~*~*~tactically~*~*~ (stealth).
 22027 | Abyss:2  | 22027 ||| Stepping ~*~*~tactically~*~*~ (stealth).
 22028 | Abyss:2  | 22028 ||| Stepping ~*~*~tactically~*~*~ (stealth).
 22032 | Abyss:2  | 22032 ||| INVOKING Heroism.
 22033 | Abyss:2  | 22033 ||| INVOKING Finesse.
 22074 | Abyss:2  | 22074 ||| Stepping ~*~*~tactically~*~*~ (stealth).
 22085 | Abyss:2  | 22085 ||| Stepping ~*~*~tactically~*~*~ (hiding).
 22093 | Abyss:2  | 22093 ||| Stepping ~*~*~tactically~*~*~ (outnumbered).
 22095 | Abyss:2  | 22095 ||| Stepping ~*~*~tactically~*~*~ (outnumbered).
 22104 | Abyss:2  | 22104 ||| Stepping ~*~*~tactically~*~*~ (stealth).
 22112 | Abyss:2  | 22112 ||| INVOKING Heroism.
 22129 | Abyss:2  | 22129 ||| Stepping ~*~*~tactically~*~*~ (outnumbered).
 22144 | Abyss:2  | 22144 ||| Stepping ~*~*~tactically~*~*~ (stealth).
 22166 | Abyss:2  | 22166 ||| Stepping ~*~*~tactically~*~*~ (stealth).
 22196 | Abyss:2  | 22196 ||| INVOKING Heroism.
 22197 | Abyss:2  | 22197 ||| Stepping ~*~*~tactically~*~*~ (stealth).
 22201 | Abyss:2  | 22201 ||| INVOKING Finesse.
 22213 | Abyss:2  | 22213 ||| Stepping ~*~*~tactically~*~*~ (stealth).
 22237 | Abyss:2  | 22237 ||| Stepping ~*~*~tactically~*~*~ (stealth).
 22239 | Abyss:2  | 22239 ||| Stepping ~*~*~tactically~*~*~ (stealth).
 22242 | Abyss:2  | 22242 ||| Stepping ~*~*~tactically~*~*~ (stealth).
 22244 | Abyss:2  | 22244 ||| Stepping ~*~*~tactically~*~*~ (stealth).
 22246 | Abyss:2  | 22246 ||| Stepping ~*~*~tactically~*~*~ (stealth).
 22247 | Abyss:2  | 22247 ||| Stepping ~*~*~tactically~*~*~ (stealth).
 22248 | Abyss:2  | 22248 ||| Stepping ~*~*~tactically~*~*~ (stealth).
 22260 | Abyss:2  | 22260 ||| Stepping ~*~*~tactically~*~*~ (stealth).
 22263 | Abyss:2  | 22263 ||| INVOKING Heroism.
 22295 | Abyss:2  | 22295 ||| Stepping ~*~*~tactically~*~*~ (stealth).
 22298 | Abyss:2  | 22298 ||| Stepping ~*~*~tactically~*~*~ (stealth).
 22299 | Abyss:2  | 22299 ||| Stepping ~*~*~tactically~*~*~ (stealth).
 22301 | Abyss:2  | 22301 ||| Stepping ~*~*~tactically~*~*~ (stealth).
 22302 | Abyss:2  | 22302 ||| Stepping ~*~*~tactically~*~*~ (stealth).
 22303 | Abyss:2  | 22303 ||| Stepping ~*~*~tactically~*~*~ (stealth).
 22311 | Abyss:2  | 22311 ||| Stepping ~*~*~tactically~*~*~ (stealth).
 22312 | Abyss:2  | 22312 ||| Stepping ~*~*~tactically~*~*~ (stealth).
 22327 | Abyss:2  | 22327 ||| Stepping ~*~*~tactically~*~*~ (stealth).
 22329 | Abyss:2  | 22329 ||| Stepping ~*~*~tactically~*~*~ (stealth).
 22331 | Abyss:2  | 22331 ||| Stepping ~*~*~tactically~*~*~ (stealth).
 22338 | Abyss:2  | 22338 ||| Stepping ~*~*~tactically~*~*~ (stealth).
 22339 | Abyss:2  | 22339 ||| Stepping ~*~*~tactically~*~*~ (stealth).
 22340 | Abyss:2  | 22340 ||| Stepping ~*~*~tactically~*~*~ (stealth).
 22345 | Abyss:2  | 22345 ||| Stepping ~*~*~tactically~*~*~ (outnumbered).
 22346 | Abyss:2  | 22346 ||| INVOKING Heroism.
 22347 | Abyss:2  | 22347 ||| Stepping ~*~*~tactically~*~*~ (outnumbered).
 22352 | Abyss:2  | 22352 ||| Stepping ~*~*~tactically~*~*~ (outnumbered).
 22357 | Abyss:2  | 22357 ||| Stepping ~*~*~tactically~*~*~ (outnumbered).
 22358 | Abyss:2  | 22358 ||| Stepping ~*~*~tactically~*~*~ (outnumbered).
 22427 | Abyss:2  | 22427 ||| Stepping ~*~*~tactically~*~*~ (stealth).
 22431 | Abyss:2  | 22431 ||| Stepping ~*~*~tactically~*~*~ (stealth).
 22432 | Abyss:2  | 22432 ||| Stepping ~*~*~tactically~*~*~ (stealth).
 22433 | Abyss:2  | 22433 ||| Stepping ~*~*~tactically~*~*~ (stealth).
 22447 | Abyss:2  | Noticed a tentacled starspawn
 22448 | Abyss:2  | 22448 ||| Stepping ~*~*~tactically~*~*~ (stealth).
 22449 | Abyss:2  | 22449 ||| Stepping ~*~*~tactically~*~*~ (stealth).
 22452 | Abyss:2  | 22452 ||| Stepping ~*~*~tactically~*~*~ (stealth).
 22465 | Abyss:2  | Noticed a bone dragon
 22474 | Abyss:2  | 22474 ||| INVOKING Heroism.
 22475 | Abyss:2  | 22475 ||| Stepping ~*~*~tactically~*~*~ (stealth).
 22475 | Abyss:2  | Noticed a balrug
 22476 | Abyss:2  | 22476 ||| Stepping ~*~*~tactically~*~*~ (outnumbered).
 22477 | Abyss:2  | 22477 ||| Stepping ~*~*~tactically~*~*~ (stealth).
 22478 | Abyss:2  | 22478 ||| Stepping ~*~*~tactically~*~*~ (hiding).
 22479 | Abyss:2  | 22479 ||| Stepping ~*~*~tactically~*~*~ (stealth).
 22480 | Abyss:2  | 22480 ||| Stepping ~*~*~tactically~*~*~ (hiding).
 22485 | Abyss:2  | 22485 ||| Stepping ~*~*~tactically~*~*~ (outnumbered).
 22486 | Abyss:2  | 22486 ||| Stepping ~*~*~tactically~*~*~ (outnumbered).
 22486 | Abyss:2  | HP: 29/131 [balrug/divine providence (11)]
 22487 | Abyss:2  | 22487 ||| READING 4 scrolls of teleportation.
 22487 | Abyss:2  | HP: 6/131 [bone dragon (12)]
 22487 | Abyss:2  | Slain by a bone dragon

Levels and vault maps discovered:
D:1:      dpeg_arrival_caged_fury, layout_basic,
          nicolae_ecumenical_snake_handling, hex_large
D:2:      layout_rooms, kennysheep_cross_room, kennysheep_generic_room_14
D:3:      layout_basic, mainiacjoe_overflow_paths, serial_shops, shop,
          nicolae_shop_stone
D:4:      layout_layer_cave, mainiacjoe_overflow_chevrons,
          kennysheep_decorative_pillar, uniq_robin, uniq_menkaure
D:5:      layout_basic, minmay_temple_entry_junction, serial_glass,
          glass_columns_c, glass_columns_a, glass_columns_a, glass_columns_a,
          item_on_display_a, due_unseen_surprise, item_on_display_a,
          minmay_strange_pillars, kennysheep_donut
D:6:      cheibrodos_fzero, layout_basic
D:7:      layout_basic, minmay_misc_feat_more_columns
D:8:      layout_cave_pods
D:9:      layout_irregular_city, grunt_dithmenos_smoke, st_stairs_14,
          grunt_ministairs_4, kennysheep_boxes
D:10:     nicolae_cairo_tiling_large_dashed, layout_basic,
          kennysheep_orc_monster_closet_entryway
D:11:     layout_layer_cave, david_lair_shrubbed, ebering_ghost_inner_flame
D:12:     layout_cave_pools, onia_ninara_dug_in_and_dangerous
D:13:     layout_cave_pods, serial_shops, shop_statue
D:14:     layout_roguey [special_room_orc], grunt_vaults_entry_tiered,
          ashenzari_conservatory_becter, uniq_josephine, uniq_roxanne
Temple:   compressed_dpeg_triangle_lava_temple
Lair:1:   minmay_lair_oklob_tunnel, layout_cave_pods, evilmike_ambush
          [evilmike_ambush_outer_corners, evilmike_ambush_inner_basic],
          uniq_nergalle
Lair:2:   layout_layer_cave, dummy_spider_entry
Lair:3:   layout_long_grid, minmay_shoals_entry_lonely_mermaid
Lair:4:   layout_small_grid, dpeg_slime_entry_enclosed,
          nicolae_volcano_entry_lava_flow
Lair:5:   minmay_lair_end_frog_pond, layout_long_grid, basic_altar,
          serial_bayou_shore_b, lemuel_fruit_tree
Abyss:2:  base: Lair:3, base:
D:12

Skill      XL: |  1  2  3  4  5  6  7  8  9 10 11 12 13 14 |
---------------+-------------------------------------------+-----
Unarmed Combat | 4 5 6 7 8 10 11 13 15 16 | 16.0
Throwing       | 1 3 4 5 |  5.4
Armour         | 1 2 3 4 5 |  5.0
Fighting       | 3 5 6 |  6.5
Dodging        | 1 |  1.5
Shields        | 6 10 11 12 14 | 14.0
Invocations    | 3 6 9 |  9.8
Spellcasting   | |  1.0
Fire Magic     | |  2.1

Action                   |  1- 3 |  4- 6 |  7- 9 | 10-12 | 13-15 || total
-------------------------+-------+-------+-------+-------+-------++-------
Melee: Unarmed           |   110 |    89 |   168 |   590 |   827 ||  1784
       Punch             |     1 |     3 |     4 |     2 |       ||    10
Throw: Javelin           |     5 |    22 |    39 |    92 |    43 ||   201
       Boomerang         |       |       |       |       |    31 ||    31
       Large rock        |       |       |       |       |     9 ||     9
Invok: Fiery Armour      |       |     2 |     1 |    10 |       ||    13
       Heroism           |       |       |       |     7 |    44 ||    51
       Finesse           |       |       |       |       |     2 ||     2
  Use: Scroll            |     8 |     6 |     8 |    11 |     3 ||    36
       Potion            |       |     1 |       |     8 |     1 ||    10
 Stab: Sleeping          |       |       |       |     1 |       ||     1
Armor: Robe              |    26 |     4 |       |       |       ||    30
       Shadow dragon sca |       |    33 |    97 |   299 |   293 ||   722
Dodge: Dodged            |    37 |    13 |    45 |   106 |   152 ||   353
Block: Kite shield       |       |       |       |   171 |    39 ||   210
       Tower shield      |       |       |       |       |   527 ||   527

Table legend:
 A = Non-vault XP
 B = Vault XP
 C = Vault XP percentage of total XP
 D = Non-vault monster count
 E = Vault monster count
 F = Vault count percentage of total count
                 A         B        C        D         E       F
            +---------+---------+-------+---------+---------+-------
      Total |   75432 |   22580 |  23.0 |     425 |     115 |  21.3
            +---------+---------+-------+---------+---------+-------
        D:1 |      50 |       4 |   7.4 |      28 |       3 |   9.7
        D:2 |      44 |       1 |   2.2 |      19 |       1 |   5.0
        D:3 |      35 |       0 |   0.0 |      10 |       0 |   0.0
        D:4 |     600 |     207 |  25.7 |      31 |      12 |  27.9
        D:5 |     631 |       0 |   0.0 |      15 |       0 |   0.0
        D:6 |     973 |    1821 |  65.2 |      14 |      13 |  48.1
        D:7 |    1303 |       0 |   0.0 |      21 |       0 |   0.0
        D:8 |    1040 |       0 |   0.0 |      20 |       0 |   0.0
        D:9 |    1606 |    1047 |  39.5 |      31 |       7 |  18.4
       D:10 |    1435 |    1561 |  52.1 |      17 |      20 |  54.1
       D:11 |    2395 |     361 |  13.1 |       5 |       1 |  16.7
       D:12 |    4054 |       0 |   0.0 |      12 |       0 |   0.0
       D:13 |    7384 |       0 |   0.0 |      23 |       0 |   0.0
       D:14 |    3010 |    3528 |  54.0 |       6 |      14 |  70.0
     Lair:1 |    7373 |    3062 |  29.3 |      31 |       6 |  16.2
     Lair:2 |    5710 |       0 |   0.0 |      26 |       0 |   0.0
     Lair:3 |    7039 |     474 |   6.3 |      25 |       1 |   3.8
     Lair:4 |   10140 |       0 |   0.0 |      30 |       0 |   0.0
     Lair:5 |   11080 |   10514 |  48.7 |      34 |      37 |  52.1
    Abyss:2 |    9530 |       0 |   0.0 |      27 |       0 |   0.0
            +---------+---------+-------+---------+---------+-------
